 Dungeon Crawl Stone Soup version 0.28-a0-265-g048bc9fd10 (webtiles) character file.

Game seed: 10527310542547175389

466980 dolemite99 the Brooding (level 24, -1/196 HPs)
             Began as a Hill Orc Fighter on Aug 28, 2021.
             Was a Priest of Hepliaklqana.
             Shot with an arrow by a deep elf master archer (20 damage)
             ... on level 3 of the Elven Halls.
             The game lasted 02:11:20 (62945 turns).

dolemite99 the Brooding (Hill Orc Fighter)         Turns: 62945, Time: 02:11:20

Health: -1/196     AC: 34    Str: 28    XL:     24   Next: 59%
Magic:  38/38      EV: 16    Int: 11    God:    Hepliaklqana [***...]
Gold:   1664       SH:  0    Dex: 19    Spells: 13/23 levels left

rFire   + + +      SeeInvis .   a - +10 battleaxe of Exquisite Torment {spect, rPois rCorr Str+3 Dex+6}
rCold   + + .      Faith    .   (shield currently unavailable)
rNeg    . . .      Spirit   .   n - +8 chain mail of Postast {rF+ rC+ Str-2}
rPois   +          Reflect  .   x - +1 hat of Wrong Decisions {Will+}
rElec   +          Harm     .   e - +2 cloak
rCorr   +          Rampage  .   R - +2 pair of gloves
Will    +++..                   o - +2 pair of boots
Stlth   ..........              G - amulet "Fesoi" {rF+ Will+ Regen+ Stlth+}
HPRegen 1.42/turn               p - ring of a Billion Defenders {Drain rElec Dex+3 Slay+4}
MPRegen 0.26/turn               I - ring of resist corrosion

@: resistant
A: reduced essence
}: 2/15 runes: barnacled, gossamer
a: Renounce Religion, Recall Ancestor, Ancestor Identity, Transference


You were on level 3 of the Elven Halls.
You worshipped Hepliaklqana.
Hepliaklqana was most pleased with you.
You visited 9 branches of the dungeon, and saw 43 of its levels.
You also visited: Bailey.

You collected 5058 gold pieces.
You spent 3394 gold pieces at shops.

Inventory:

Hand Weapons
 a - the +10 battleaxe of Exquisite Torment (weapon) {spect, rPois rCorr Str+3 Dex+6}
   (You found it on level 6 of the Lair of Beasts)

   When its wielder attacks, the weapon's spirit leaps out and strikes again.
   The spirit shares a part of any damage it takes with its wielder.
   Str:       It affects your strength (+3).
   Dex:       It affects your dexterity (+6).
   rPois:     It protects you from poison.
   rCorr:     It protects you from acid and corrosion.
 b - a +9 fustibalus of venom
Missiles
 g - 52 javelins (quivered)
 q - 1141 stones
 r - 9 silver javelins
 S - 2 throwing nets
 Y - 199 sling bullets
Armour
 e - a +2 cloak (worn)
 n - the +8 chain mail of Postast (worn) {rF+ rC+ Str-2}
   (You bought it in a shop on level 3 of the Dungeon)

   Str:       It affects your strength (-2).
   rF:        It protects you from fire.
   rC:        It protects you from cold.
 o - a +2 pair of boots (worn)
 x - the +1 hat of Wrong Decisions (worn) {Will+}
   (You acquired it on level 2 of the Spider Nest)

   Will:      It increases your willpower.
 R - a +2 pair of gloves (worn)
Jewellery
 l - a ring of protection from fire
 p - the ring of a Billion Defenders (left hand) {Drain rElec Dex+3 Slay+4}
   (You found it on level 4 of the Lair of Beasts)

   [ring of slaying]

   Dex:       It affects your dexterity (+3).
   Slay:      It affects your accuracy & damage with ranged weapons and melee
   (+4).
   rElec:     It insulates you from electricity.
   Drain:     It drains your maximum health when unequipped.
 u - the ring "Qesutz" {rF+ rC- Will+ Str+8}
   (You found it in a bailey)

   [ring of willpower]

   Str:       It affects your strength (+8).
   rF:        It protects you from fire.
   rC:        It makes you vulnerable to cold.
   Will:      It increases your willpower.
 y - a ring of see invisible
 G - the amulet "Fesoi" (around neck) {rF+ Will+ Regen+ Stlth+}
   (You found it on level 3 of the Spider Nest)

   [amulet of regeneration]

   rF:        It protects you from fire.
   Regen:     It increases your rate of health regeneration.
   Will:      It increases your willpower.
   Stlth:     It makes you more stealthy.
 I - a ring of resist corrosion (right hand)
 K - a ring of protection from cold
 V - a +6 ring of dexterity
 X - a ring of willpower
Wands
 j - a wand of charming (8)
 C - a wand of polymorph (32)
 M - a wand of paralysis (11)
 O - a wand of mindburst (55)
 T - a wand of acid (1)
 W - a wand of flame (61)
Scrolls
 f - 7 scrolls of teleportation
 i - a scroll of silence
 k - a scroll of enchant weapon
 t - 6 scrolls of immolation
 w - 2 scrolls of fog
 H - 2 scrolls of vulnerability
 U - 22 scrolls of identify {@r1}
Potions
 d - 7 potions of might
 h - 15 potions of curing
 m - 8 potions of flight
 s - 13 potions of ambrosia
 z - 6 potions of berserk rage
 E - 6 potions of lignification
 J - 6 potions of brilliance
 L - 9 potions of haste
 N - 4 potions of attraction
 P - 7 potions of resistance
Miscellaneous
 c - a tin of tremorstones (2/2)
 v - a phial of floods
 A - a phantom mirror
 F - a condenser vane
 Q - a lightning rod (4/4)


   Skills:
 - Level 18.6 Fighting
 - Level 20.1 Axes
 - Level 14.0 Slings
 - Level 17.3 Armour
 - Level 11.4 Dodging
 - Level 3.5 Shields
 + Level 9.5 Conjurations
 - Level 10.3 Hexes
 - Level 14.4 Necromancy
 - Level 13.3 Fire Magic
 - Level 22.0 Invocations
 - Level 5.0 Evocations


You had 13 spell levels left.
You knew the following spells:

 Your Spells              Type           Power      Damage    Failure   Level
a - Inner Flame           Hex/Fire       26%        N/A       2%          3
b - Animate Skeleton      Necr           62%        N/A       1%          1
c - Vampiric Draining     Necr           15%        2d8       1%          3
d - Conjure Flame         Conj/Fire      25%        6-21      3%          3

Your spell library contained the following spells:

 Spells                   Type           Power      Damage    Failure   Level
 Foxfire                  Conj/Fire      100%       2x1d9     1%          1
 Pain                     Necr           100%       1d9       1%          1
 Sublimation of Blood     Necr           15%        N/A       1%          2
 Magic Dart               Conj           84%        1d7       2%          1
 Slow                     Hex            22%        N/A       2%          2
 Searing Ray              Conj           42%        3d4       3%          2
 Dispel Undead            Necr           31%        3d14      3%          4
 Confusing Touch          Hex            22%        N/A       4%          3
 Dazzling Flash           Conj/Hex       42%        N/A       5%          3
 Corpse Rot               Necr/Air       N/A        N/A       9%          2
 Excruciating Wounds      Necr           15%        N/A       9%          5
 Sticky Flame             Conj/Fire      25%        2d5       10%         4
 Shock                    Conj/Air       40%        1d5       16%         1
 Cause Fear               Hex            11%        N/A       16%         4
 Fulminant Prism          Conj/Hex       10%        3d9       19%         4
 Static Discharge         Conj/Air       10%        N/A       24%         2
 Portal Projectile        Hex/Tloc       22%        N/A       36%         3
 Summon Guardian Golem    Hex/Summ       11%        N/A       36%         3
 Stone Arrow              Conj/Erth      20%        3d8       43%         3
 Ignite Poison            Fire/Tmut/Pois 9%         N/A       47%         3
 Mephitic Cloud           Conj/Pois/Air  7%         N/A       65%         3
 Summon Small Mammal      Summ           0%         N/A       73%         1
 Leda's Liquefaction      Hex/Erth       5%         N/A       78%         4
 Bolt of Magma            Conj/Fire/Erth 8%         4d6       80%         5
 Hailstorm                Conj/Ice       10%        3d5       83%         4
 Iskenderun's Mystic Bla  Conj/Tloc      10%        2d4       83%         4
 Starburst                Conj/Fire      12%        6d5       83%         6
 Call Imp                 Summ           0%         N/A       86%         2
 Passwall                 Tmut/Erth      0%         N/A       86%         2
 Poisonous Vapours        Pois/Air       0%         N/A       86%         2
 Wereblood                Tmut           0%         N/A       86%         2
 Invisibility             Hex            11%        N/A       94%         6
 Call Canine Familiar     Summ           0%         N/A       97%         3
 Gell's Gravitas          Tloc           0%         N/A       97%         3
 Lesser Beckoning         Tloc           0%         N/A       97%         3
 Swiftness                Air            0%         N/A       97%         3
 Teleport Other           Tloc           0%         N/A       97%         3
 Yara's Violent Unravell  Hex/Tmut       5%         3d4       98%         5
 Irradiate                Conj/Tmut      5%         3d15      99%         5
 Lightning Bolt           Conj/Air       5%         1d17      99%         5
 Airstrike                Air            0%         N/A       100%        4
 Ice Form                 Ice/Tmut       0%         N/A       100%        4
 Summon Lightning Spire   Summ/Air       0%         N/A       100%        4
 Blade Hands              Tmut           0%         N/A       100%        5
 Freezing Cloud           Conj/Ice/Air   3%         6-21      100%        5
 Lee's Rapid Deconstruct  Erth           0%         3d5*      100%        5
 Simulacrum               Ice/Necr       7%         N/A       100%        6
 Dragon Form              Tmut           0%         N/A       100%        7
 Summon Hydra             Summ           0%         N/A       100%        7
 Discord                  Hex            11%        N/A       100%        8
 Fire Storm               Conj/Fire      12%        8d3       100%        9
 Shatter                  Erth           0%         3d5*      100%        9


Dungeon Overview and Level Annotations

Branches:
Dungeon (15/15)            Temple (1/1) D:4            Lair (6/6) D:8
 Shoals (4/4) Lair:3       Spider (4/4) Lair:4        Slime (0/5) Lair:6
    Orc (2/2) D:9             Elf (3/3) Orc:2        Vaults (4/5) D:13
  Crypt (0/3) Vaults:2     Depths (4/5) D:15         Bailey (visited)

Altars:
Ashenzari
Cheibriados
Dithmenos
Elyvilon
Fedhas
Gozag
Hepliaklqana
Kikubaaqudgha
Makhleb
Nemelex Xobeh
Okawaru
Qazlal
Ru
Sif Muna
Trog
Uskayaw
Vehumet
Wu Jian
Xom
Yredelemnul
Zin
The Shining One
Beogh
Lugonu

Shops:
D:2 *   D:3 ![   D:12 *   Orc:2 (!*[*   Elf:1 [   Elf:2 *   Elf:3 [
Shoals:1 *   Vaults:2 (   Vaults:4 *

Portals:
Hell: Depths:1 Depths:2 Depths:3 Depths:4
Abyss: Lair:6 Depths:1 Depths:4
Pandemonium: Depths:1 Depths:3
Ziggurat: Depths:3

Annotations:
D:3 1 runed translucent door, SkeletonJelly's ghost, amateur OgBe
D:6 2 runed translucent doors
Lair:1 exclusion: oklob plant
Lair:5 exclusion: 3 oklob plants
Shoals:1 3 runed translucent doors, exclusion: obsidian statue, freelancePsychic's ghost, journeyman FeBe
Elf:2 3 runed translucent doors
Vaults:2 3 runed translucent doors, Getoffmy's ghost, veteran GrFi


Message History

The arrow barely misses you.
The deep elf master archer shoots an arrow.
The arrow closely misses you.
Items here: ( )) [.
The deep elf master archer shoots an arrow.
The arrow hits you!!
* * * LOW HITPOINT WARNING * * *
The deep elf master archer shoots an arrow.
The arrow hits you!
* * * LOW HITPOINT WARNING * * *
Items here: )) [ ÷÷.
You start resting.
A deep elf master archer is nearby!
You feel better.
The deep elf master archer shoots an arrow.
The arrow hits you!!
* * * LOW HITPOINT WARNING * * *
The deep elf master archer shoots an arrow.
The arrow hits you!
* * * LOW HITPOINT WARNING * * *
Okay, then.
As you read the scroll of fog, it crumbles to dust.
The scroll dissolves into smoke.
The deep elf master archer shoots an arrow.
The arrow closely misses you.
You feel better.
The deep elf master archer shoots an arrow.
The arrow hits you.
* * * LOW HITPOINT WARNING * * *
You feel better.
The deep elf master archer shoots an arrow.
The arrow closely misses you.
The deep elf master archer shoots an arrow.
The arrow hits you.
* * * LOW HITPOINT WARNING * * *
You slash the deep elf master archer!
The deep elf master archer is lightly wounded.
The deep elf master archer shoots an arrow.
The arrow hits you!!
You die...

### #.#.# #####.##
#.#.# ##....#.###
##.#.#
##########..#.)....#
#..#.#
.......§§.)§)...)).##
#..#.#
.....§88§§§)e.))....#
#..#
.....§8§))))#..#.§§.#
#..#######
#...88§§e.).#..##§§##
#...).....
###...§§§§8.#.##@###
#.........
###.§§§8).#.#e##
##.......R
##.§8§..#.§##
##......R.
##)8)).##)#
#......R.. #.....#..#
#.#...R...
##....#..##
#.##...... #....#...#
###.##......
##...#...#
#...R.######
#.8.#...######..R..##
#


You could see a deep elf master archer.

Vanquished Creatures
  Mara (Spider:3)
  5 caustic shrikes
  Arachne (Spider:3)
  A tentacled monstrosity (Depths:2)
  3 liches
  Mlioglotl (Depths:2)
  A deep elf master archer (Elf:3)
  An ancient champion (Depths:1)
  4 titans
  Polyphemus (Shoals:4)
  3 sphinxes
  A tengu reaver (Depths:1)
  A shadow dragon (Depths:2)
  2 storm dragons
  Gastronok (D:11)
  5 frost giants
  5 fire giants
  4 emperor scorpions
  4 deep elf sorcerers (Elf:3)
  A ghost moth (shapeshifter) (D:15)
  A ghost moth (Spider:4)
  Aizul (Shoals:4)
  5 vault wardens
  3 orc warlords
  3 deep elf elementalists
  7 ironbound preservers
  12 very ugly things
  13 stone giants
  3 war gargoyles
  A vampire knight (Vaults:2)
  3 deep elf annihilators
  2 entropy weavers
  2 deep elf demonologists
  The ghost of runemage the Blocker, a journeyman GnFi of Ashenzari (Lair:4)
  7 dire elephants
  5 spark wasps
  2 eleionomae (Shoals:4)
  5 merfolk javelineers
  A blizzard demon (Depths:1)
  A deep elf death mage (Elf:3)
  10 ettins
  A crystal guardian (Vaults:3)
  6 fire dragons
  2 deep elf high priests
  4 merfolk impalers
  Josephine (D:12)
  6 ironbound thunderhulks
  A boulder beetle (D:15)
  10 yaktaur captains
  A hell beast (Depths:1)
  6 ice dragons
  5 great orbs of eyes
  7 hydras
  2 peacekeepers
  3 spriggan air magi
  2 ogre magi (Orc:2)
  3 catoblepae
  4 centaur warriors
  3 ironbound frosthearts
  An alligator snapping turtle (Shoals:4)
  A merfolk avatar (Shoals:3)
  6 deep troll shamans
  3 satyrs (Shoals:4)
  5 merfolk aquamancers (Shoals:4)
  12 two-headed ogres
  10 tengu warriors
  3 death yaks (Shoals:4)
  5 death scarabs (Spider:4)
  4 deep troll earth magi
  6 dancing weapons
  7 ironbound beastmasters
  2 spriggan berserkers
  An orc high priest (Elf:1)
  4 deep elf knights
  A storm dragon zombie (Depths:2)
  7 hell knights
  A spectral emperor scorpion (Spider:4)
  A spark wasp zombie (Depths:2)
  7 iron trolls
  2 flayed ghosts
  31 deep trolls
  10 sea snakes
  3 glowing orange brains
  4 ironbound convokers
  3 deep elf archers
  4 necromancers
  4 lindwurms
  20 deep elf zephyrmancers
  2 wolf spider zombies (Spider:4)
  A phantasmal warrior (D:12)
  3 wizards
  3 spectral wolf spiders (Spider:4)
  9 orb spiders
  6 orc knights
  15 harpies
  25 deep elf pyromancers
  22 wolf spiders
  An orc sorcerer (Orc:2)
  A salamander (shapeshifter) (Lair:6)
  2 cyclopes
  30 ugly things
  A cyclops (shapeshifter) (Depths:3)
  13 fauns
  6 manticores
  15 vault sentinels
  10 water nymphs
  10 merfolk sirens
  8 elephants
  2 black mambas
  A gargoyle (D:13)
  3 torpor snails
  9 cane toads
  A kobold demonologist (D:13)
  2 unseen horrors
  A spectral redback (Spider:4)
  16 yaktaurs
  A rime drake (Lair:6)
  9 komodo dragons
  2 redback zombies (Spider:4)
  A rime drake (shapeshifter) (D:13)
  8 demonic crawlers
  3 tengu conjurers
  An ancient zyme (Lair:6)
  An elf skeleton (Depths:2)
  2 red devils (Depths:3)
  A troll (Orc:2)
  3 meliai (Lair:5)
  A queen bee (Lair:5)
  3 large abominations (Lair:6)
  19 merfolk
  7 hornets
  2 wind drakes (Shoals:4)
  15 blink frogs
  A jumping spider (shapeshifter) (Depths:1)
  25 jumping spiders
  3 spectral jumping spiders (Spider:4)
  2 spectral tarantellas (Spider:4)
  4 polar bears
  2 tarantella zombies (Spider:4)
  20 slime creatures
  An ettin zombie (Depths:2)
  5 snapping turtles
  A jumping spider zombie (Spider:4)
  A fire giant simulacrum (Depths:1)
  A frost giant simulacrum (Depths:1)
  44 redbacks
  An air elemental (Elf:1)
  A tarantella (shapeshifter) (Elf:1)
  A water elemental (Elf:1)
  4 wyverns
  28 yaks
  A spriggan (Lair:6)
  An ice dragon skeleton (Depths:1)
  5 wraiths
  A fire elemental (Elf:1)
  A shadow (D:11)
  25 tarantellas
  2 vampires (Vaults:2)
  2 ynoxinuls (Lair:6)
  3 basilisks
  4 chaos spawn
  3 hogs (Shoals:4)
  A steam dragon (Lair:3)
  3 vampire mosquitoes (D:11)
  15 water moccasins
  A spectral hornet (Spider:4)
  2 floating eyes
  18 orc warriors
  A black bear (D:7)
  A hornet zombie (Spider:4)
  2 ice beasts
  An ice dragon simulacrum (Depths:1)
  2 sky beasts
  A necrophage (D:7)
  A wolf (Lair:2)
  A knight (Spider:3)
  2 boggarts
  7 centaurs
  19 ogres
  2 kobold brigands
  8 small abominations (Lair:6)
  5 bullfrogs
  A gnoll sergeant (D:12)
  3 scorpions (D:5)
  12 killer bees
  2 wights (D:9)
  An electric eel (Spider:3)
  6 howler monkeys
  A bullfrog zombie (D:5)
  A lava snake (Lair:1)
  4 centaur zombies
  2 hounds
  2 gnoll shamans (D:7)
  10 jellies
  6 orc priests
  4 iguanas
  Jessica (D:2)
  6 orc wizards
  Natasha (thrice) (D:3)
  5 hell rats (Lair:6)
  A hound skeleton (D:5)
  A howler monkey zombie (D:9)
  10 gnolls
  4 howler monkey skeletons
  5 adders
  A white imp (Vaults:3)
  2 worms (D:3)
  A dart slug (D:1)
  60 orcs
  7 ball pythons
  9 endoplasms
  3 giant cockroaches (D:1)
  7 goblins
  4 hobgoblins
  3 jackals (D:2)
  4 quokkas
  4 bats
  6 frilled lizards
  11 kobolds
  8 rats
  3 tentacles (Shoals:3)
1176 creatures vanquished.

Vanquished Creatures (collateral kills)
  Bai Suzhen (Depths:2)
  2 caustic shrikes (Depths:4)
  A tentacled monstrosity (Depths:1)
  A lich (Depths:3)
  A titan (Depths:3)
  Kirke (Shoals:4)
  A shadow dragon (Depths:2)
  A storm dragon (Depths:3)
  A tengu reaver (Depths:3)
  Ilsuiw (Shoals:4)
  An iron dragon (Depths:3)
  A vault warden (Vaults:3)
  2 deep elf sorcerers
  A frost giant (shapeshifter) (Depths:3)
  7 frost giants
  A deep elf elementalist (Elf:3)
  A reaper (Depths:3)
  A spriggan defender (Depths:3)
  5 ironbound preservers
  A caustic shrike skeleton (Depths:1)
  11 very ugly things
  3 stone giants
  A deep elf annihilator (Elf:3)
  A dire elephant (Vaults:1)
  3 merfolk javelineers
  2 ettins (Depths:2)
  A deep elf death mage (Elf:3)
  A spark wasp (Depths:2)
  A fire dragon (Depths:1)
  3 merfolk impalers
  4 yaktaur captains
  A vault guard (Vaults:4)
  2 boulder beetles
  A hell beast (Depths:1)
  An ice dragon (Depths:1)
  2 ogre magi (Orc:2)
  3 ironbound frosthearts
  A rakshasa (Depths:1)
  A spriggan air mage (Depths:3)
  5 hydras
  2 centaur warriors (D:15)
  4 merfolk avatars
  A deep troll shaman (Depths:1)
  A death knight (D:12)
  2 catoblepae
  3 merfolk aquamancers
  6 two-headed ogres
  3 death scarabs (Spider:4)
  2 ironbound beastmasters
  3 tengu warriors
  3 thrashing horrors (Lair:6)
  2 dancing weapons
  A death yak (Shoals:4)
  2 deep troll earth magi
  3 deep elf knights
  Sonja (D:12)
  3 hell knights
  A sea snake (Shoals:2)
  A skeletal warrior (D:13)
  15 deep trolls
  A glowing orange brain (Vaults:1)
  4 iron trolls
  2 flayed ghosts
  3 lindwurms
  5 ironbound convokers
  2 wizards (Vaults:3)
  6 deep elf archers
  A spectral wolf spider (Spider:4)
  2 wolf spider zombies (Spider:4)
  9 harpies
  4 orc knights
  7 deep elf pyromancers
  4 wolf spiders
  5 deep elf zephyrmancers
  7 fauns
  2 cyclopes (Shoals:4)
  3 oklob plants (Lair:5)
  4 orb spiders
  8 manticores
  9 elephants
  20 ugly things
  2 black mambas
  A moth of wrath (Spider:4)
  2 merfolk sirens (Shoals:4)
  A water nymph (Shoals:4)
  A smoke demon (Lair:6)
  2 vault sentinels (Vaults:2)
  2 cane toads
  6 yaktaurs
  2 spectral redbacks (Spider:4)
  A kobold demonologist (D:11)
  3 komodo dragons
  An ice devil (Depths:3)
  3 demonic crawlers (Spider:3)
  A freezing wraith (D:12)
  2 tengu conjurers (Depths:3)
  6 jumping spiders
  4 trolls
  7 merfolk
  7 blink frogs
  A tarantella zombie (Spider:4)
  A spectral tarantella (Spider:4)
  10 slime creatures
  6 snapping turtles
  A wyvern (Lair:5)
  2 water elementals (Shoals:2)
  7 tarantellas
  2 vampires
  16 redbacks
  3 basilisks
  5 wraiths (D:12)
  A chaos spawn (Lair:6)
  5 yaks
  2 hogs (Shoals:4)
  A fire elemental (Elf:1)
  3 small abominations (Lair:6)
  A spectral hornet (Spider:4)
  10 water moccasins
  6 orc warriors
  2 black bears (D:8)
  8 ogres
  5 centaurs
  7 wolves
  2 kobold brigands
  7 bullfrogs
  A gnoll sergeant (D:13)
  3 scorpions
  A wyvern skeleton (D:6)
  2 water moccasin skeletons (D:5)
  A wight (D:9)
  11 killer bees
  2 electric eels (Spider:3)
  A howler monkey (D:7)
  A hound (D:6)
  5 jellies
  A gnoll shaman (D:6)
  3 orc priests
  A centaur skeleton (D:6)
  A hell rat (Lair:6)
  3 orc wizards
  10 gnolls
  An adder (D:5)
  14 orcs
  An endoplasm (D:4)
  3 kobolds
  A tentacle (Shoals:3)
482 creatures vanquished.

Vanquished Creatures (others)
  A deep elf master archer (Elf:3)
  A deep elf demonologist (Elf:3)
  A satyr (Shoals:4)
  An ironbound convoker (Vaults:2)
  An orc knight (D:15)
  A faun (Shoals:1)
  An ugly thing (Depths:3)
  A redback (Spider:1)
  An orc warrior (D:15)
  An orc wizard (D:15)
  28 knights
  3 ancestors (D:5)
  2 bushes (Lair:5)
  73 fungi
  139 plants
  18 tentacles (Shoals:3)
273 creatures vanquished.

Grand Total: 1931 creatures vanquished

Notes
Turn   | Place    | Note
-------+----------+-------------------------------------------
     0 | D:1      | dolemite99 the Hill Orc Fighter began the quest for the
                  | Orb.
     0 | D:1      | Reached XP level 1. HP: 19/19 MP: 1/1
   402 | D:1      | Reached XP level 2. HP: 19/26 MP: 2/2
  1193 | D:1      | Reached XP level 3. HP: 29/31 MP: 3/3
  1314 | D:1      | You fall into a shaft and drop 1 floor!
  1374 | D:2      | Found a faded altar of an unknown god.
  1436 | D:2      | Reached skill level 5 in Axes
  1502 | D:2      | Noticed Jessica
  1506 | D:2      | Killed Jessica
  1507 | D:2      | Reached XP level 4. HP: 39/39 MP: 4/4
  2590 | D:2      | Found Izig's General Store.
  2597 | D:2      | Bought a scroll of teleportation for 39 gold pieces
  2597 | D:2      | Bought 2 potions of curing for 78 gold pieces
  2913 | D:3      | Reached XP level 5. HP: 45/45 MP: 5/5
  2948 | D:3      | Found a runed translucent door.
  2948 | D:3      | Noticed SkeletonJelly's ghost (amateur OgBe)
  2971 | D:3      | Found a hazy altar of Hepliaklqana.
  2996 | D:3      | Became a worshipper of Hepliaklqana the Forgotten
  3302 | D:3      | Noticed Natasha
  3308 | D:3      | Killed Natasha
  3320 | D:3      | Noticed Natasha
  3325 | D:3      | Killed Natasha
  3413 | D:3      | Found Fecicludgh's Distillery.
  3471 | D:3      | Found Ilas's Antique Armour Boutique.
  3530 | D:3      | Noticed Natasha
  3540 | D:3      | Killed Natasha
  3791 | D:4      | Reached XP level 6. HP: 48/51 MP: 6/6
  3820 | D:4      | Reached * piety under Hepliaklqana
  3829 | D:4      | Found a staircase to the Ecumenical Temple.
  3856 | Temple   | Entered the Ecumenical Temple
  4572 | D:5      | Entered Level 5 of the Dungeon
  4573 | D:5      | Noticed a sky beast
  4577 | D:5      | Reached XP level 7. HP: 46/51 MP: 7/7
  4584 | D:5      | Reached skill level 10 in Axes
  4606 | D:5      | Identified 2 scrolls of acquirement
  4606 | D:5      | Acquired a manual of Fire Magic
  4610 | D:5      | Acquired a +0 vorpal fustibalus
  4746 | D:5      | Reached XP level 8. HP: 57/57 MP: 8/8
  5541 | D:6      | Noticed a wyvern
  5552 | D:5      | Killed a wyvern
  5847 | D:6      | Reached XP level 9. HP: 63/63 MP: 9/9
  6027 | D:6      | Found a runed translucent door.
  6029 | D:6      | Found a runed translucent door.
  6076 | D:6      | Found an opulent altar of Gozag.
  6125 | D:6      | Found a shimmering altar of Xom.
  6126 | D:6      | Found a shimmering altar of Xom.
  6141 | D:6      | Found a shimmering altar of Xom.
  6155 | D:6      | Reached ** piety under Hepliaklqana
  6156 | D:6      | Found a shimmering altar of Xom.
  6157 | D:6      | Remembered your ancestor Yamquzzuhalamma as a knight
  6243 | D:6      | Noticed a troll
  6249 | D:6      | Killed a troll
  6250 | D:6      | Reached skill level 5 in Fighting
  6686 | D:7      | Reached skill level 5 in Armour
  7066 | D:7      | Reached skill level 1 in Slings
  8159 | D:3      | Bought a potion of heal wounds for 55 gold pieces
  8159 | D:3      | Bought a potion of heal wounds for 55 gold pieces
  8159 | D:3      | Bought a potion of might for 44 gold pieces
  8159 | D:3      | Bought a potion of might for 44 gold pieces
  8197 | D:2      | Bought a scroll of teleportation for 39 gold pieces
  8197 | D:2      | Bought a scroll of noise for 13 gold pieces
  8344 | D:8      | Reached skill level 5 in Slings
  8344 | D:8      | Reached XP level 10. HP: 70/74 MP: 10/10
  8748 | D:8      | Found a staircase to the Lair.
  9209 | D:8      | Noticed a two-headed ogre
  9214 | D:8      | Killed a two-headed ogre
  9569 | D:9      | Reached *** piety under Hepliaklqana
  9851 | D:9      | Found a staircase to the Orcish Mines.
 10066 | D:9      | Noticed a deep elf pyromancer
 10072 | D:9      | Killed a deep elf pyromancer
 10621 | D:10     | Entered Level 10 of the Dungeon
 10631 | D:10     | Reached **** piety under Hepliaklqana
 10635 | D:10     | Noticed a two-headed ogre
 10643 | D:10     | Killed a two-headed ogre
 10846 | D:10     | Killed an unseen horror
 10847 | D:10     | Reached XP level 11. HP: 80/80 MP: 11/11
 10923 | D:10     | Reached skill level 10 in Slings
 11768 | D:11     | Noticed a two-headed ogre
 11778 | D:11     | Killed a two-headed ogre
 12630 | D:11     | Noticed Gastronok
 12640 | D:11     | Killed Gastronok
 13127 | Lair:1   | Entered Level 1 of the Lair of Beasts
 13148 | Lair:1   | Reached ***** piety under Hepliaklqana
 13194 | Lair:1   | Reached skill level 1 in Invocations
 13208 | Lair:1   | Reached skill level 2 in Invocations
 13226 | Lair:1   | Reached skill level 3 in Invocations
 13229 | Lair:1   | Reached XP level 12. HP: 86/86 MP: 12/14
 13230 | Lair:1   | Reached skill level 4 in Invocations
 13323 | Lair:1   | Reached skill level 5 in Invocations
 13386 | Lair:1   | Reached skill level 6 in Invocations
 13497 | Lair:1   | Noticed a seven-headed hydra
 13517 | Lair:1   | Killed a seven-headed hydra
 13518 | Lair:1   | Reached skill level 7 in Invocations
 13521 | Lair:1   | Reached skill level 8 in Invocations
 13550 | Lair:1   | Identified the +6 spear "Haseich" {vorpal, rCorr Int-5
                  | Dex+6}
 14204 | Lair:2   | Reached skill level 9 in Invocations
 14693 | Lair:2   | Reached skill level 10 in Invocations
 14995 | Lair:2   | Noticed an eight-headed hydra
 15123 | Lair:2   | Reached skill level 11 in Invocations
 15195 | Lair:2   | Reached skill level 12 in Invocations
 15252 | Lair:2   | Killed an eight-headed hydra
 15453 | Lair:2   | Reached skill level 13 in Invocations
 15750 | Lair:2   | Reached XP level 13. HP: 92/92 MP: 22/22
 16474 | Lair:3   | Found a staircase to the Shoals.
 17708 | Lair:4   | Found a hole to the Spider Nest.
 18159 | D:3      | Bought a smoking chain mail for 237 gold pieces
 18159 | D:3      | Identified the +8 chain mail of Postast {rF+ rC+ Str-2}
                  | (You bought it in a shop on level 3 of the Dungeon)
 18777 | Lair:4   | Found a runed translucent door.
 18778 | Lair:4   | Noticed runemage's ghost (journeyman GnFi)
 18804 | Lair:4   | Killed runemage's ghost
 18815 | Lair:4   | Identified the ring of a Billion Defenders {Drain rElec
                  | Dex+3 Slay+4}
 19099 | D:3      | Bought a helmet for 112 gold pieces
 19361 | Lair:5   | Acquired a manual of Dodging
 19489 | Lair:5   | Reached skill level 1 in Dodging
 19757 | Lair:5   | Reached skill level 5 in Dodging
 20044 | Lair:5   | Reached XP level 14. HP: 106/106 MP: 23/23
 20726 | Lair:5   | Found a blossoming altar of Fedhas.
 20772 | Lair:5   | Reached skill level 10 in Dodging
 21032 | Lair:6   | Entered Level 6 of the Lair of Beasts
 21310 | Lair:6   | Found a staircase to the Slime Pits.
 21323 | Lair:6   | Identified the +10 battleaxe of Exquisite Torment {spect,
                  | rPois rCorr Str+3 Dex+6}
 21984 | Lair:6   | Reached skill level 15 in Axes
 22244 | Lair:6   | Found a corrupted altar of Lugonu.
 22259 | Lair:6   | Found a one-way gate to the infinite horrors of the Abyss.
 23161 | D:2      | Bought a scroll of enchant weapon for 97 gold pieces
 23167 | D:2      | Bought a potion of might for 52 gold pieces
 23414 | Orc:1    | Entered Level 1 of the Orcish Mines
 23707 | Orc:2    | Entered Level 2 of the Orcish Mines
 24186 | Orc:2    | Reached XP level 15. HP: 111/111 MP: 24/24
 24243 | Orc:2    | Found a staircase to the Elven Halls.
 24446 | Orc:2    | Reached skill level 10 in Fighting
 24481 | Orc:2    | Paralysed by an ogre mage for 5 turns
 24592 | Orc:2    | Found Deisyxomi's Assorted Antiques.
 24592 | Orc:2    | Found Keuz's Distillery.
 24593 | Orc:2    | Found Ocras's Assorted Antiques.
 24593 | Orc:2    | Found Bizug's Armour Shop.
 24611 | Orc:2    | Bought a worn copper wand for 132 gold pieces
 24611 | Orc:2    | Bought a scroll of identify for 66 gold pieces
 24611 | Orc:2    | Bought a scroll of identify for 66 gold pieces
 24611 | Orc:2    | Bought a bronze wand for 132 gold pieces
 24611 | Orc:2    | Bought a potion of lignification for 99 gold pieces
 24611 | Orc:2    | Bought a potion of curing for 99 gold pieces
 24624 | Orc:2    | Bought a dented copper amulet for 105 gold pieces
 24752 | Orc:2    | Found Wishraistisi's Antique Weapon Shop.
 25699 | D:12     | Found Dyoggy's General Store.
 25732 | D:12     | Bought a scroll of teleportation for 36 gold pieces
 25732 | D:12     | Bought a potion of curing for 36 gold pieces
 25732 | D:12     | Noticed Josephine
 25742 | D:12     | Killed Josephine
 26121 | D:12     | Noticed Sonja
 26130 | D:12     | Killed Sonja
 27454 | D:13     | Got Easy Theurgy
 27655 | D:13     | Found a gate to the Vaults.
 27720 | D:14     | Found a basalt altar of Yredelemnul.
 28070 | D:14     | Found a flagged portal.
 28153 | Bailey   | Entered a bailey
 28161 | Bailey   | Reached XP level 16. HP: 86/120 MP: 25/25
 29035 | Bailey   | Identified the ring "Qesutz" {rF+ rC- Will+ Str+8}
 29626 | D:15     | Entered Level 15 of the Dungeon
 30406 | D:15     | Noticed a storm dragon
 30416 | D:15     | a storm dragon changed into a ghost moth
 31146 | D:15     | Found a staircase to the Depths.
 31763 | D:3      | Bought a potion of curing for 33 gold pieces
 31763 | D:3      | Bought a potion of curing for 33 gold pieces
 31804 | D:3      | Bought a pair of embroidered boots for 187 gold pieces
 32078 | Orc:2    | Bought a potion of resistance for 140 gold pieces
 32078 | Orc:2    | Bought a potion of curing for 42 gold pieces
 32078 | Orc:2    | Bought a potion of curing for 42 gold pieces
 32078 | Orc:2    | Bought a potion of curing for 42 gold pieces
 32303 | Spider:1 | Entered Level 1 of the Spider Nest
 32312 | Spider:1 | Reached skill level 1 in Evocations
 33329 | Spider:2 | Reached skill level 5 in Evocations
 33717 | Spider:2 | Learned a level 3 spell: Inner Flame
 33829 | Spider:2 | Acquired the +1 hat of Wrong Decisions {Will+}
 34067 | Spider:2 | Reached skill level 10 in Armour
 34486 | Spider:3 | Reached XP level 17. HP: 123/131 MP: 21/26
 34704 | Spider:3 | Noticed Mara
 34706 | Spider:3 | Noticed dolemite99's illusion
 34826 | Spider:3 | Identified the amulet "Fesoi" {rF+ Will+ Regen+ Stlth+}
 34913 | Spider:3 | Noticed dolemite99's illusion
 35087 | Spider:3 | Noticed dolemite99's illusion
 35098 | Spider:3 | Killed Mara
 35210 | Spider:4 | Entered Level 4 of the Spider Nest
 35224 | Spider:4 | Noticed Arachne
 35235 | Spider:3 | Killed Arachne
 36613 | Spider:4 | Reached XP level 18. HP: 142/142 MP: 27/27
 36706 | Spider:4 | Reached skill level 15 in Fighting
 36728 | Spider:4 | Got a gossamer rune of Zot
 37075 | Orc:2    | Bought 2 potions of berserk rage for 140 gold pieces
 37075 | Orc:2    | Bought a potion of curing for 42 gold pieces
 37076 | Orc:2    | Bought a scroll of fear for 73 gold pieces
 37076 | Orc:2    | Bought a scroll of magic mapping for 73 gold pieces
 37076 | Orc:2    | Bought a scroll of teleportation for 63 gold pieces
 37076 | Orc:2    | Bought a potion of curing for 63 gold pieces
 37289 | Shoals:1 | Entered Level 1 of the Shoals
 37296 | Shoals:1 | Found Pasaco's Overcharged Wands.
 37805 | Depths:1 | Entered Level 1 of the Depths
 37890 | Vaults:1 | Entered Level 1 of the Vaults
 38605 | Vaults:1 | Reached skill level 15 in Armour
 39239 | Vaults:1 | Reached skill level 14 in Invocations
 40210 | Vaults:2 | Identified the +0 pair of boots "Elaru" {Harm rPois rF+}
 40251 | Vaults:2 | Reached skill level 15 in Invocations
 40341 | Vaults:2 | Identified the +10 plate armour of Contentment {Int+7}
 40341 | Vaults:2 | Identified the +5 kite shield of Ceraydaj {Drain rPois
                  | Slay+2}
 40383 | Vaults:2 | Reached XP level 19. HP: 86/154 MP: 30/30
 40680 | Vaults:2 | Reached skill level 16 in Invocations
 40751 | Vaults:2 | Found Senlo's Antique Weapon Shoppe.
 41181 | Vaults:2 | Reached skill level 17 in Invocations
 41209 | Vaults:2 | Found a runed translucent gate.
 41209 | Vaults:2 | Found a runed translucent gate.
 41211 | Vaults:2 | Found a runed translucent gate.
 41212 | Vaults:2 | Noticed Getoffmy's ghost (veteran GrFi)
 41637 | Vaults:2 | Reached skill level 18 in Invocations
 41679 | Vaults:2 | Found a staircase to the Crypt.
 41896 | Vaults:2 | Identified the +1 acid dragon scales of Ankaatsethru {*Slow
                  | rCorr Str+4 Int+4}
 42450 | Vaults:2 | Found a roughly hewn altar of Beogh.
 42722 | Vaults:3 | Reached skill level 19 in Invocations
 43152 | Vaults:3 | Reached skill level 20 in Invocations
 43330 | Vaults:3 | Reached XP level 20. HP: 153/162 MP: 34/34
 43584 | Vaults:3 | Reached skill level 21 in Invocations
 44158 | Vaults:4 | Found Dafab's General Store.
 44163 | Vaults:4 | Bought a scroll of magic mapping for 63 gold pieces
 44163 | Vaults:4 | Bought a potion of resistance for 180 gold pieces
 44460 | Vaults:4 | Reached skill level 22 in Invocations
 45694 | Elf:1    | Entered Level 1 of the Elven Halls
 46269 | Elf:1    | Found Piphuf's Antique Armour Emporium.
 46277 | Elf:1    | Bought an embroidered cloak for 210 gold pieces
 46813 | Elf:1    | Got Fowexoxa's Incunabulum of Conjuration and Summoning
 47028 | Elf:2    | Found a runed translucent gate.
 47028 | Elf:2    | Found a runed translucent gate.
 47030 | Elf:2    | Found a runed translucent gate.
 47225 | Elf:2    | Reached XP level 21. HP: 166/172 MP: 36/36
 47271 | Elf:2    | Found Deplangi's Assorted Antiques.
 48220 | Shoals:1 | Found a runed translucent gate.
 48221 | Shoals:1 | Found a runed translucent gate.
 48222 | Shoals:1 | Found a runed translucent gate.
 48223 | Shoals:1 | Found an opulent altar of Gozag.
 48224 | Shoals:1 | Noticed freelancePsychic's ghost (journeyman FeBe)
 51142 | Depths:1 | Reached skill level 1 in Fire Magic
 51196 | Depths:1 | Reached skill level 5 in Fire Magic
 51251 | Depths:1 | Reached skill level 10 in Fire Magic
 51278 | Depths:1 | Found a gateway to Hell.
 51773 | Depths:1 | Found a one-way gate leading to the halls of Pandemonium.
 51818 | Depths:1 | Reached XP level 22. HP: 183/183 MP: 37/37
 52143 | Depths:2 | Reached skill level 1 in Hexes
 52269 | Depths:2 | Noticed Mlioglotl
 52569 | Depths:2 | Killed Mlioglotl
 52601 | Depths:2 | Reached skill level 5 in Hexes
 53072 | Depths:2 | Noticed Bai Suzhen
 53101 | Depths:2 | Killed Bai Suzhen
 54056 | Depths:2 | Noticed a caustic shrike
 54066 | Depths:2 | Killed a caustic shrike
 54809 | Depths:3 | Found a gateway to a ziggurat.
 54855 | Depths:3 | Reached skill level 10 in Hexes
 54977 | Depths:3 | Learned a level 1 spell: Animate Skeleton
 55109 | Depths:3 | Reached skill level 1 in Necromancy
 55636 | Depths:3 | Reached skill level 5 in Necromancy
 55705 | Depths:3 | Identified the +4 rapier "Niuneg" {freeze, rElec}
 55778 | Depths:3 | Reached XP level 23. HP: 189/189 MP: 38/38
 56304 | Depths:3 | Identified the +0 plate armour "Kyhopt" {rElec rPois rC+++
                  | Str-5}
 56803 | Depths:3 | Reached skill level 10 in Necromancy
 57372 | Depths:4 | Noticed a caustic shrike
 57378 | Depths:4 | Killed a caustic shrike
 57391 | Depths:4 | Noticed a caustic shrike
 57397 | Depths:4 | HP: 7/189 [acid (4)]
 57453 | Depths:4 | Killed a caustic shrike
 57559 | Depths:4 | Noticed a caustic shrike
 57559 | Depths:4 | Noticed a caustic shrike
 57559 | Depths:4 | Noticed a caustic shrike
 57584 | Depths:4 | Killed a caustic shrike
 57600 | Depths:4 | Noticed a caustic shrike
 57604 | Depths:4 | Killed a caustic shrike
 57608 | Depths:4 | Killed a caustic shrike
 57610 | Depths:4 | Killed a caustic shrike
 58600 | Shoals:4 | Entered Level 4 of the Shoals
 58748 | Shoals:4 | Noticed Kirke
 59509 | Shoals:4 | Killed Kirke
 59643 | Shoals:4 | Noticed Aizul
 59653 | Shoals:4 | Noticed Ilsuiw
 59659 | Shoals:4 | Killed Aizul
 59673 | Shoals:4 | Noticed Polyphemus
 59675 | Shoals:4 | Killed Ilsuiw
 59692 | Shoals:4 | Killed Polyphemus
 59742 | Shoals:4 | Reached XP level 24. HP: 140/196 MP: 38/38
 59997 | Shoals:4 | Learned a level 3 spell: Vampiric Draining
 60001 | Shoals:4 | Learned a level 3 spell: Conjure Flame
 60186 | Shoals:4 | Reached skill level 1 in Conjurations
 60424 | Shoals:4 | Identified the +7 mace of the Present {drain, +Rage}
 61151 | Shoals:4 | Reached skill level 5 in Conjurations
 61344 | Shoals:4 | Got a barnacled rune of Zot
 61828 | Elf:3    | Entered Level 3 of the Elven Halls
 62232 | Elf:3    | Found Ypegijie's Antique Armour Shoppe.
 62236 | Elf:3    | Bought a glimmering helmet for 332 gold pieces
 62236 | Elf:3    | Identified the +2 helmet "Ughayvey" {Str-2 SInv Stlth+}
                  | (You bought it in a shop on level 3 of the Elven Halls)
 62945 | Elf:3    | Shot with an arrow by a deep elf master archer

Illustrated notes

Levels and vault maps discovered:
D:1:      wheals_arrival_shading, layout_basic, minmay_split_cup_small
D:2:      layout_basic, shapermc_ecumenical_altar_venn, serial_shops,
          nicolae_shop_crystal, uniq_jessica, uniq_crazy_yiuf_cottage
D:3:      layout_basic, nicolae_overflow_crystal_walls, serial_shops,
          nicolae_shop_competitors_out_of_business, shop, gammafunk_ghost_grave,
          hangedman_decor_lopped, nrook_campfire, grunt_decor_one_mirror,
          minmay_misc_feat_ornament, lexackson_kobold_supper, uniq_natasha
D:4:      layout_loops_ring, minmay_temple_entry_mist
D:5:      layout_loops_ring, grunt_ministairs_10
D:6:      lemuel_insect_pit, layout_rooms, nicolae_overflow_hidden_temple,
          xom_redecorated, kennysheep_minor_cross,
          chequers_serial_rivers_room_b, minmay_small_thing
D:7:      minmay_general_purpose_star, layout_basic
D:8:      layout_cave_pods, due_lair_maze_entry_diamond
D:9:      layout_stronghold, david_orc_2
D:10:     layout_loops_corners, blue_anna_alchemist
D:11:     layout_basic, uniq_gastronok
D:12:     layout_roguey, serial_shops,
          nicolae_shop_temple_entry_statues_fountains, uniq_sonja,
          uniq_josephine
D:13:     minmay_the_grid_square_5x5_3x3
          [minmay_the_grid_square_5x5_broken_cross,
          minmay_the_grid_square_5x5_fancy_junction,
          minmay_the_grid_square_5x5_six,
          minmay_the_grid_square_5x5_inverted_slash,
          minmay_the_grid_square_5x5_megaprize_crossed,
          minmay_the_grid_square_5x5_two_walls_b,
          minmay_the_grid_square_5x5_one_wall,
          minmay_the_grid_square_5x5_n_small, minmay_the_grid_square_5x5_three],
          layout_cave_pools
D:14:     layout_irregular_city, enter_bailey_8,
          portal_ice_cave_entry_pillars_three, yredelemnul_altar_generic
D:15:     grunt_enter_depths_snipers, layout_loops_corners,
          minmay_misc_feat_hallway, lemuel_nasty_fountain
Temple:   compressed_dpeg_circular_temple
Lair:1:   layout_gridlike, minmay_lair_oklob_chamber
Lair:2:   layout_hall_layers, grunt_forest_stairs_basic
Lair:3:   layout_regular_city, elwin_shoals_entry_stream, gauntlet_entry_generic
Lair:4:   layout_loops_ring, spider_nest_entry_web_field,
          ebering_ghost_inner_flame, beast_lair_carwin_11
Lair:5:   layout_long_grid, special_room [special_room_bee],
          hangedman_tree_tricks, st_stairs_9, disabler_island
Lair:6:   hellmonk_lair_end_abyssal_woods, layout_regular_city,
          minmay_slime_entry_jelly_boxes
Shoals:1: cheibrodos_shoals_gigantism, layout_shoals, ebering_ghost_gozag,
          nicolae_shop_overcharged_wands
Shoals:2: layout_shoals, nicolae_shoals_so_close
Shoals:3: layout_shoals
Shoals:4: shoals_end_simple, layout_shoals, shoal_ilsuiw,
          nicolae_shoals_enchanted_isle, uniq_aizul, uniq_polyphemus, uniq_kirke
Spider:1: layout_spider_delve
Spider:2: layout_spider_delve, spiders_nest_hornet_nest
Spider:3: layout_spider_delve, drop_trap, nicolae_spider_cling_halls, uniq_mara
Spider:4: floodkiller_spider_rune_tomb, nicolae_spider_paper_wasps, uniq_arachne
Orc:1:    layout_caves, serial_shops, shop, mines3_lemuel
Orc:2:    st_orc_ogre_mass, layout_diamond_mine, serial_shops, shop
Elf:1:    minmay_elf_arrival_plus, layout_loops_corners, serial_aquarium,
          aquarium_bridge_straight [aquarium_subvault_bridge,
          aquarium_subvault_window, aquarium_subvault_bridge,
          aquarium_subvault_wall], aquarium_window_fake,
          aquarium_window_corridor_3, aquarium_window_fake,
          aquarium_window_fake, aquarium_view_2b, aquarium_view_2d,
          aquarium_balcony_1b, aquarium_pool_split, serial_shops, shop,
          minmay_elf_sorcery, minivault_26
Elf:2:    nicolae_elf_blades_splatter_lattice [infiniplex_blade_entry_pillars],
          layout_geoelf_octagon, serial_shops, shop, st_stairs_13
Elf:3:    minmay_elf_hall_statues, layout_loops_corners, serial_shops, shop,
          minivault_5
Vaults:1: nicolae_vaults_diagonal_hallway_7, nicolae_vaults_little_squares_2,
          v_misc_16, hangedman_vaults_pinch, ontoclasm_vaults_shuriken,
          hangedman_vaults_corner, nicolae_vaults_network_barrier,
          hangedman_vaults_stream, vaults_mumra_minichess_inversion,
          ontoclasm_vaults_gateway, vaults_room_pools,
          vaults_room_grunt_arrival_ludios, ontoclasm_vaults_pinch,
          layout_vaults_big_cross
Vaults:2: biasface_vaults_ghost_orc_armoury, minmay_crypt_entry_vampire_xt,
          vaults_mumra_chevron_long, ontoclasm_vaults_gallery, v_misc_33,
          nicolae_vaults_network_quincunx
          [nicolae_vaults_network_quincunx_subvault,
          nicolae_vaults_network_quincunx_subvault,
          nicolae_vaults_network_quincunx_subvault,
          nicolae_vaults_network_quincunx_subvault,
          nicolae_vaults_network_quincunx_subvault], v_misc_17,
          nicolae_vaults_network_periphery, ontoclasm_vaults_ring_square,
          nicolae_vaults_little_squares_4, vaults_room_semicircle,
          ontoclasm_vaults_decontamination, grunt_vaults_hallway_long,
          nicolae_vaults_windows_and_doors_thing, layout_vaults_omnibox,
          serial_shops, nicolae_shop_stone
Vaults:3: nicolae_vaults_stairing_the_circle, ontoclasm_vaults_ring_square,
          vaults_room_fours, v_alt_pattern_5, ontoclasm_vaults_loading_screen,
          hangedman_vaults_nails, serial_ice_g, nicolae_vaults_little_squares_6,
          hangedman_vaults_stitches, vaults_mumra_minichess,
          ontoclasm_vaults_loading_screen, layout_vaults_big_room
Vaults:4: vaults_room_door_ring, nicolae_vaults_circle_grid_a, v_alt_pattern_1,
          vaults_dpeg_diagonal, v_misc_19, nicolae_vaults_border_crossing,
          v_pattern_5, ontoclasm_vaults_twist, nicolae_vaults_yaktaur_gun_rack,
          grunt_vaults_twisty, layout_vaults_ring, serial_shops,
          nicolae_shop_waterfront
Depths:1: layout_cave_shapes, abyss_entry, grunt_decor_mini_mirrors, pan_entry,
          grunt_mini_vestibule, solitary_fountain, kb_rosetta
Depths:2: kennysheep_bubble_arena, layout_basic, kennysheep_big_empty_room,
          grunt_hell_entry_dis_mu, infiniplex_staircase_door_maze,
          uniq_mlioglotl, uniq_bai_suzhen
Depths:3: kennysheep_large_vault, layout_gridlike, enter_ziggurat_f,
          kennysheep_nub, rand_demon_pan_entry_7, hell_entry,
          infiniplex_staircase_split_hallway
Depths:4: minmay_outward_triangles, layout_gridlike, minmay_misc_feat_square,
          hell_entry, abyss_entry, infiniplex_staircase_diamond

Skill      XL: |  1  2  3  4  5  6  7  8  9 10 11 12 13 14 15 16 17 18 19 20 21 22 23 24 |
---------------+-------------------------------------------------------------------------+-----
Axes           | 3 4 6 8 9 11 13 17 20 | 20.1
Fighting       | 6 9 10 11 14 16 17 18 | 18.6
Armour         | 5 8 9 10 13 15 16 17 | 17.3
Slings         | 5 9 12 14 | 14.0
Invocations    | 3 13 15 20 22 | 22.0
Dodging        | 8 11 | 11.4
Evocations     | 5 |  5.0
Fire Magic     | 12 13 | 13.3
Hexes          | 10 | 10.3
Necromancy     | 6 14 | 14.4
Conjurations   | 9 |  9.5
Shields        | |  3.5

Action                   |  1- 3 |  4- 6 |  7- 9 | 10-12 | 13-15 | 16-18 | 19-21 | 22-24 || total
-------------------------+-------+-------+-------+-------+-------+-------+-------+-------++-------
Melee: War axe           |   110 |   146 |    52 |    89 |   143 |       |       |       ||   540
       Battleaxe         |       |       |       |       |    51 |   374 |   412 |   419 ||  1256
       Fustibalus        |       |       |       |       |     2 |       |       |       ||     2
 Fire: Fustibalus        |       |       |   201 |   394 |   715 |   404 |   468 |   192 ||  2374
Throw: Dart              |     3 |    21 |     9 |     2 |    14 |       |       |       ||    49
       Throwing net      |       |       |       |       |     1 |     1 |       |       ||     2
       Stone             |       |       |       |       |       |    21 |    42 |    15 ||    78
       Javelin           |       |       |       |       |       |       |       |    27 ||    27
 Cast: Inner Flame       |       |       |       |       |       |       |       |    33 ||    33
       Animate Skeleton  |       |       |       |       |       |       |       |    83 ||    83
       Conjure Flame     |       |       |       |       |       |       |       |     3 ||     3
Invok: Ancestor Life: Kn |       |       |     1 |       |       |       |       |       ||     1
       Recall Ancestor   |       |       |       |     3 |     6 |     8 |     9 |    15 ||    41
       Idealise          |       |       |       |     1 |    18 |    11 |    14 |    11 ||    55
       Transference      |       |       |       |       |     2 |     3 |       |       ||     5
Evoke: Wand              |       |       |       |       |    12 |    34 |     8 |    32 ||    86
       Phantom mirror    |       |       |       |       |       |       |     2 |     6 ||     8
       Condenser vane    |       |       |       |       |       |       |       |     6 ||     6
       Lightning rod     |       |       |       |       |       |       |       |     4 ||     4
       Tin of tremorston |       |       |       |       |       |       |       |     2 ||     2
       Phial of floods   |       |       |       |       |       |       |       |     1 ||     1
  Use: Scroll            |       |       |     4 |    13 |    24 |    14 |    11 |    18 ||    84
       Potion            |       |       |     3 |     3 |     1 |     7 |     4 |    21 ||    39
 Stab: Distracted        |       |       |       |     1 |     2 |    13 |    16 |    10 ||    42
       Invisible         |       |       |       |       |       |    15 |     1 |       ||    16
       Held in net/web   |       |       |       |       |       |     1 |       |       ||     1
       Confused          |       |       |       |       |       |       |       |     1 ||     1
Armor: Scale mail        |    64 |    12 |       |       |       |       |       |       ||    76
       Chain mail        |       |    76 |    63 |   172 |   329 |   263 |   242 |   285 ||  1430
Dodge: Dodged            |    40 |    30 |    46 |    83 |   196 |   384 |   275 |   310 ||  1364
Block: Kite shield       |    51 |       |       |       |   133 |       |       |       ||   184

Table legend: (Time is in decaauts)
 A = Elapsed time spent in this place.
 B = Non-inter-level travel time spent in this place.
 C = Inter-level travel time spent in this place.
 D = Time resting spent in this place.
 E = Time spent auto-exploring this place.
 F = Levels seen in this place.
 G = Mean time per level.
                   A        B        C        D        E       F      G
               +--------+--------+--------+--------+--------+-----+--------+
         Total |  62713 |  54961 |   7752 |  13068 |  28911 |  44 | 1425.3 |
       Dungeon |  21842 |  17691 |   4151 |   4030 |  10459 |  15 | 1456.1 |
        Temple |    130 |     93 |     37 |      0 |     77 |   1 |  130.0 |
          Lair |  10416 |   8846 |   1570 |   2300 |   4493 |   6 | 1736.0 |
        Shoals |   5631 |   5184 |    447 |   1116 |   2445 |   4 | 1407.8 |
   Spider Nest |   4534 |   4274 |    260 |    996 |   2118 |   4 | 1133.5 |
  Orcish Mines |   1828 |   1234 |    594 |     82 |    711 |   2 |  914.0 |
   Elven Halls |   2764 |   2576 |    188 |     84 |   1665 |   3 |  921.3 |
        Vaults |   7421 |   7118 |    303 |   1863 |   3617 |   4 | 1855.2 |
        Depths |   7170 |   6971 |    199 |   2163 |   3000 |   4 | 1792.5 |
        Bailey |    973 |    973 |      0 |    432 |    324 |   1 |  973.0 |
               +--------+--------+--------+--------+--------+-----+--------+

Top non-repeatable levels by time:
Depths:2: 2641 daAuts
Vaults:2: 2443 daAuts
Vaults:1: 2225 daAuts
Depths:3: 2203 daAuts
    D:15: 2130 daAuts
  Lair:2: 2112 daAuts
Shoals:4: 2083 daAuts
  Lair:3: 2024 daAuts
     D:1: 2009 daAuts
  Lair:6: 1884 daAuts
     D:8: 1846 daAuts
    D:11: 1794 daAuts
     D:9: 1778 daAuts
     D:7: 1727 daAuts
  Lair:5: 1718 daAuts
